 Dungeon Crawl Stone Soup version 0.31-a0-740-g87205ac768 (webtiles) character file.

Game seed: 10086541891930760789

273 Fodor the Covered (level 6, -3/55 HPs)
             Began as a Minotaur Fighter on Sept 12, 2023.
             Killed by divine providence
             ... invoked by an orc priest
              (15 damage)
             ... on level 4 of the Dungeon.
             The game lasted 00:12:35 (2446 turns).

Fodor the Covered (Minotaur Fighter)                Turns: 2446, Time: 00:12:36

Health: -3/55      AC: 11    Str: 23    XL:     6   Next: 3%
Magic:  5/5        EV: 13    Int:  5    God:
Gold:   280        SH:  9    Dex:  9    Spells: 5/5 levels left

rFire   . . .        t - +0 mace (venom)
rCold   . . .        c - +0 buckler
rNeg    . . .        m - +0 chain mail
rPois   .            (helmet restricted)
rElec   .            (no cloak)
rCorr   .            (no gloves)
SInv    .            l - +0 pair of boots
Will    .....        g - amulet of reflection Stlth
                     b - +5 ring of evasion
HPRegen 0.00/turn    (no ring)
MPRegen 0.09/turn

%: reflection
@: inhibited regen
A: horns 2, retaliatory headbutt, inhibited regeneration
a: no special abilities


You were on level 4 of the Dungeon.
You visited 1 branch of the dungeon, and saw 4 of its levels.

You collected 280 gold pieces.

Inventory:

Hand Weapons
 t - a +0 mace of venom (weapon)
 u - a +0 morningstar
Missiles
 a - 5 poisoned darts
 q - 4 boomerangs (quivered)
 r - a throwing net
Armour
 c - a +0 buckler (worn)
 l - a +0 pair of boots (worn)
 m - a +0 chain mail (worn)
Jewellery
 b - a +5 ring of evasion (left hand)
 g - an amulet of reflection (around neck)
Scrolls
 f - a scroll of identify {unknown}
 h - 3 scrolls of teleportation {unknown}
 k - a scroll of poison {unknown}
 o - a scroll of fear {unknown}
 p - 2 scrolls of brand weapon {unknown}
Potions
 d - 2 potions of might
 e - a potion of mutation
 i - a potion of curing
 j - a potion of cancellation {unknown}
 n - a potion of haste {unknown}
 s - a potion of heal wounds {unknown}
 v - a potion of magic {unknown}


   Skills:
 + Level 4.9 Fighting
 + Level 3.9 Long Blades
 + Level 0.9 Maces & Flails
 + Level 0.3 Throwing
 + Level 5.4 Armour
 + Level 1.2 Dodging
 + Level 4.6 Shields


You had 5 spell levels left.
You didn't know any spells.
Your spell library contained the following spells:

 Spells                   Type           Power      Damage    Failure   Level
 Ensorcelled Hibernation  Hex/Ice        0%         N/A       99%         2
 Jinxbite                 Hex            0%         N/A       99%         2
 Summon Guardian Golem    Hex/Summ       0%         N/A       100%        3
 Anguish                  Hex/Necr       0%         N/A       100%        4
 Orb of Destruction       Conj           0%         9d5       100%        7
 Spellforged Servitor     Conj/Summ      0%         N/A       100%        7


Dungeon Overview and Level Annotations

Branches:
Dungeon (4/15)
 Temple: D:4-7

Altars:
Ashenzari
Makhleb
Qazlal
Ru

Shops:
D:3 =


Innate Abilities, Weirdness & Mutations

You have a pair of horns on your head.
You reflexively headbutt those who attack you in melee.
You do not regenerate when monsters are visible.


Message History

You barely miss the orc wizard.
The orc wizard is almost dead.
You barely miss the orc wizard.
You headbutt the orc wizard, but do no damage.
You kill the orc wizard!
You block the orc wizard's attack.
The orc priest looks encouraged for a moment.
You closely miss the orc wizard. The orc wizard barely misses you.
You hit the orc wizard but do no damage.
The orc wizard is poisoned.
The orc wizard hits you with a +0 dagger.
You hit the orc wizard.
The orc wizard looks as sick as possible!
You headbutt the orc wizard.
The orc wizard is heavily wounded.
The orc wizard casts a spell at you.
The magic dart hits you but does no damage.
The orc priest invokes the aid of Beogh against you.
Beogh smites you!
* * * LOW HITPOINT WARNING * * *
The orc wizard hits you but does no damage.
You hit the orc wizard.
The orc wizard looks as sick as possible!
Your headbutt misses the orc wizard.
The orc wizard is severely wounded.
You block the orc wizard's attack.
You completely miss the orc wizard. Your headbutt misses the orc wizard.
The orc wizard is almost dead.
You kill the orc wizard!
The orc barely misses you.
You have reached level 6!
You hit the orc.
The orc is poisoned.
The orc is moderately wounded.
You block the orc's attack.
You hit the orc.
The orc looks as sick as possible!
The orc is heavily wounded.
You kill the orc!
The orc priest invokes the aid of Beogh against you.
Beogh smites you!
You die...

............#
............#
.##.......### .
.########.# .. ##
#.# ... #.# ....
#.# .....
#.#########......
#.......@5oo.....
#################


You could see an orc priest, an orc and an ufetubus.

Vanquished Creatures
  A scorpion (D:4)
  A hound (D:3)
  3 orc wizards
  A gnoll (D:1)
  2 adders (D:4)
  A worm (D:3)
  2 dart slugs
  13 orcs
  2 endoplasms
  5 giant cockroaches
  7 goblins
  4 hobgoblins
  3 jackals (D:3)
  3 quokkas
  3 ball pythons
  3 bats
  7 frilled lizards
  4 kobolds
  6 rats
71 creatures vanquished.

Notes
Turn   | Place    | Note
-------+----------+-------------------------------------------
     0 | D:1      | Fodor the Minotaur Fighter began the quest for the Orb.
     0 | D:1      | Reached XP level 1. HP: 19/19 MP: 0/0
   168 | D:1      | Reached XP level 2. HP: 27/27 MP: 1/1
   169 | D:1      | Reached skill level 4 in Armour
   551 | D:1      | Reached XP level 3. HP: 33/33 MP: 2/2
   983 | D:2      | Identified the +1 troll leather armour of the Fife {-Tele
                  | Rampage Regen+ Dex+4 SInv}
  1341 | D:2      | Found a faded altar of an unknown god.
  1664 | D:3      | Found Woonli's Jewellery Emporium.
  1664 | D:3      | Found a burning altar of Makhleb.
  1672 | D:3      | Found a sacrificial altar of Ru.
  1742 | D:3      | Reached XP level 4. HP: 13/40 MP: 3/3
  1750 | D:3      | Reached skill level 1 in Dodging
  1757 | D:3      | Gained mutation: You do not regenerate when monsters are
                  | visible. [potion of mutation]
  2021 | D:3      | Reached skill level 5 in Armour
  2021 | D:3      | Reached XP level 5. HP: 44/47 MP: 4/4
  2077 | D:3      | Found a stormy altar of Qazlal.
  2079 | D:3      | Found a broken altar of Ashenzari.
  2445 | D:4      | Reached XP level 6. HP: 12/55 MP: 5/5
  2446 | D:4      | Killed from afar by an orc priest

Illustrated notes

Levels and vault maps discovered:
D:1:      minmay_arrival_five_plusses, layout_loops_ring
D:2:      layout_basic, shapermc_ecumenical_altar_pompeii,
          minmay_split_cup_small
D:3:      layout_rooms, bloody_makhleb, grunt_temple_overflow_open,
          serial_shops, shop, serial_park_tiny_pond, roderic_roman_lattice
D:4:      layout_basic, lemuel_round_altar

Skill      XL: |  1  2  3  4 |
---------------+-------------+-----
Fighting       | 4 |  4.9
Armour         | 4 5 |  5.4
Shields        | 4 |  4.6
Long Blades    | 3 |  3.9
Dodging        | 1 |  1.2
Maces & Flails | |  0.9
Throwing       | |  0.3

Action                     |  1- 3 |  4- 6 || total
---------------------------+-------+-------++-------
  Melee: Long sword        |   104 |    48 ||   152
         Headbutt          |     9 |    16 ||    25
         Mace              |       |    41 ||    41
  Throw: Boomerang         |       |     8 ||     8
    Use: Potion            |       |     3 ||     3
 Armour: Scale mail        |    32 |       ||    32
         Chain mail        |    28 |    49 ||    77
  Dodge: Dodged            |    50 |    49 ||    99
  Block: Buckler           |    35 |    49 ||    84
         Reflection        |     1 |       ||     1

Table legend: (Time is in decaauts)
 A = Elapsed time spent in this place.
 B = Non-inter-level travel time spent in this place.
 C = Inter-level travel time spent in this place.
 D = Time resting spent in this place.
 E = Time spent auto-exploring this place.
 F = Levels seen in this place.
 G = Mean time per level.
                   A        B        C        D        E       F      G
               +--------+--------+--------+--------+--------+-----+--------+
         Total |   2505 |   2447 |     58 |     65 |      0 |   4 |  626.2 |
       Dungeon |   2505 |   2447 |     58 |     65 |      0 |   4 |  626.2 |
               +--------+--------+--------+--------+--------+-----+--------+

Top non-repeatable levels by time:
     D:2: 931 daAuts
     D:1: 753 daAuts
     D:3: 539 daAuts
     D:4: 281 daAuts
